 Dungeon Crawl Stone Soup version 0.30-b1-2-g02819fbbbe (webtiles) character file.

Game seed: 10049950879265757403

243 Arcadio the Trooper (level 5, -2/72 HPs)
             Began as a Minotaur Berserker on May 8, 2023.
             Was a Priest of Trog.
             Slain by a gnoll
             ... wielding a +0 spear
             ... led by a gnoll sergeant
              (9 damage)
             ... on level 5 of the Dungeon.
             The game lasted 00:05:32 (4040 turns).

Arcadio the Trooper (Minotaur Berserker)            Turns: 4040, Time: 00:05:32

Health: -2/72      AC:  5    Str: 24    XL:     5   Next: 82%
Magic:  4/4        EV: 11    Int:  4    God:    Trog [***...]
Gold:   187        SH:  0    Dex:  9    Spells: 4/4 levels left

rFire   . . .        t - +0 war axe
rCold   . . .        (no shield)
rNeg    . . .        c - +1 leather armour {rPois}
rPois   +            (helmet restricted)
rElec   .            j - +0 cloak
rCorr   .            (no gloves)
SInv    .            (no boots)
Will    ++...        (no amulet) Stlth
                     (no ring)
HPRegen 1.32/turn    (no ring)
MPRegen 0.09/turn

%: no passive effects
@: berserking (expiring), strong-willed, regenerating, very quick
A: horns 2, retaliatory headbutt
a: Renounce Religion, Berserk, Trog's Hand


You were on level 5 of the Dungeon.
You worshipped Trog.
Trog was most pleased with you.
You visited 2 branches of the dungeon, and saw 6 of its levels.

You collected 187 gold pieces.

Inventory:

Hand Weapons
 a - a +0 hand axe
 k - the +2 sling of Xom's Inspiration {heavy, rF- Str+4 Int+2 SInv}
   (You found it on level 2 of the Dungeon)

   Str:       It affects your strength (+4).
   Int:       It affects your intelligence (+2).
   rF:        It makes you vulnerable to fire.
   SInv:      It lets you see invisible.
 t - a +0 war axe (weapon)
Armour
 b - a +0 animal skin
 c - a +1 leather armour of poison resistance (worn)
 j - a +0 cloak (worn)
 v - the +1 ring mail of the Slug {rN+}
   (You found it on level 3 of the Dungeon)

   rN:        It protects you from negative energy.
Jewellery
 q - an amulet of the acrobat
Scrolls
 d - 2 scrolls of enchant armour {unknown}
 f - a scroll of brand weapon {unknown}
 g - a scroll of fear {unknown}
 h - 2 scrolls of blinking {unknown}
 l - a scroll of amnesia {unknown}
 m - 3 scrolls of teleportation {unknown}
 n - a scroll of fog {unknown}
 o - a scroll of noise {unknown}
 r - 4 scrolls of identify {unknown}
 x - a scroll of magic mapping {unknown}
Potions
 e - a potion of degeneration {unknown}
 i - 4 potions of mutation {unknown}
 p - a potion of lignification {unknown}
 s - a potion of brilliance {unknown}
 u - 2 potions of curing {unknown}
 w - a potion of flight {unknown}
 z - a potion of ambrosia {unknown}
 A - a potion of cancellation {unknown}


   Skills:
 + Level 5.4 Fighting
 + Level 5.4 Axes
 + Level 4.7 Armour
 - Level 2.1 Dodging


You had 4 spell levels left.
You didn't know any spells.
Your spell library was empty.

Dungeon Overview and Level Annotations

Branches:
Dungeon (5/15) Zot: 26123  Temple (1/1) D:4 Zot: 5791

Altars:
Ashenzari
Cheibriados
Makhleb
Nemelex Xobeh
Okawaru
Qazlal
Trog
Uskayaw
Vehumet
Wu Jian
Xom
The Shining One

Annotations:
D:4 2 transporters, EnegeticOcto's ghost, amateur MiFi


Innate Abilities, Weirdness & Mutations

You have a pair of horns on your head.
You reflexively headbutt those who attack you in melee.


Message History

The gnoll shouts!
The gnoll hits you from afar with a +0 spear.
The gnoll hits you but does no damage.
The gnoll hits you from afar with a +0 spear.
The gnoll hits you with a +0 spear. The gnoll hits you with a +0 whip.
The gnoll sergeant hits you from afar with a +3 heavy trident!
The gnoll attacks as you move away! The gnoll hits you with a +0 spear.
The gnoll closely misses you. You furiously retaliate!
You headbutt the gnoll, but do no damage.
The gnoll hits you from afar with a +0 spear.
The gnoll sergeant hits you from afar with a +3 heavy trident.
The gnoll attacks as you move away! The gnoll hits you with a +0 whip.
The gnoll attacks as you move away! The gnoll hits you with a +0 flail.
* * * LOW HITPOINT WARNING * * *
Your skin crawls.
You feel strong-willed. The gnoll barely misses you.
The gnoll hits you from afar with a +0 spear.
* * * LOW HITPOINT WARNING * * *
The gnoll attacks as you move away! The gnoll barely misses you.
There is an empty arch of ancient stone here.
A red film seems to cover your vision as you go berserk!
You feel yourself moving faster!
You feel mighty! The gnoll closely misses you. You furiously retaliate!
You headbutt the gnoll! You slice the gnoll!!
You kill the gnoll!
Trog accepts your kill. The gnoll closely misses you.
You slash the gnoll!
You kill the gnoll!
Trog accepts your kill.
The gnoll hits you from afar with a +0 spear!
* * * LOW HITPOINT WARNING * * *
Things that are here:
a +0 whip; a +0 flail You closely miss the gnoll.
The gnoll hits you with a +0 spear.
* * * LOW HITPOINT WARNING * * *
The gnoll sergeant closely misses you.
You barely miss the gnoll. The gnoll hits you with a +0 spear!
You die...

.....#### ##..#
.#......###..#
............#
............#
...#........##
..##..##.....#
.###..###....#####
## #.># #.....gg§#
# #.## ##....##@#
# ### #.....#§# #
#....##§# ..#
#....#§§§ .##
#.....# ## #....##
# .....#


You could see a gnoll sergeant and a gnoll.

Vanquished Creatures
  2 jellies (D:3)
  Terence (D:2)
  2 gnolls (D:5)
  6 adders
  An ufetubus (D:5)
  A worm (D:3)
  2 dart slugs
  An orc (D:3)
  8 bats
  10 endoplasms
  5 giant cockroaches
  7 goblins
  5 hobgoblins
  8 kobolds
  3 quokkas
  5 ball pythons
  7 frilled lizards
  5 rats
79 creatures vanquished.

Vanquished Creatures (others)
  5 plants (D:1)
5 creatures vanquished.

Grand Total: 84 creatures vanquished

Notes
Turn   | Place    | Note
-------+----------+-------------------------------------------
     0 | D:1      | Arcadio the Minotaur Berserker began the quest for the Orb.
     0 | D:1      | Reached XP level 1. HP: 19/19 MP: 0/0
   109 | D:1      | Reached XP level 2. HP: 25/27 MP: 1/1
   244 | D:1      | You fall into a shaft and drop 1 floor!
   412 | D:2      | Reached ** piety under Trog
   489 | D:2      | Noticed Terence
   493 | D:2      | Killed Terence
   494 | D:2      | Reached XP level 3. HP: 32/34 MP: 2/2
   732 | D:2      | Identified the +2 sling of Xom's Inspiration {heavy, rF-
                  | Str+4 Int+2 SInv}
   810 | D:2      | Reached XP level 4. HP: 40/41 MP: 3/3
  1896 | D:3      | Found a broken altar of Ashenzari.
  1932 | D:3      | Found a shimmering altar of Xom.
  2395 | D:3      | Identified the +1 ring mail of the Slug {rN+}
  2523 | D:3      | Reached *** piety under Trog
  2675 | D:3      | Reached skill level 5 in Fighting
  2675 | D:3      | Reached skill level 5 in Axes
  2675 | D:3      | Reached XP level 5. HP: 19/48 MP: 4/4
  3039 | D:4      | Found a staircase to the Ecumenical Temple.
  3049 | Temple   | Entered the Ecumenical Temple
  3611 | D:4      | Found a transporter.
  3615 | D:4      | Found a transporter.
  3616 | D:4      | Noticed EnegeticOcto's ghost (amateur MiFi)
  3895 | D:5      | Entered Level 5 of the Dungeon
  3963 | D:5      | Found a bloodstained altar of Trog.
  4040 | D:5      | Slain by a gnoll

Illustrated notes

Levels and vault maps discovered:
D:1:      scummos_arrival_simple_crosswalls, layout_loops_ring,
          serial_bayou_lake_a
D:2:      layout_basic, uniq_terence
D:3:      layout_loops_corners, dk_xom_monty_hall, evilmike_ruin_ashenzari,
          minmay_puff
D:4:      layout_loops_ring, minmay_temple_entry_trees,
          gammafunk_ghost_mausoleum, minmay_door_square
D:5:      layout_layer_cave, lemuel_tele_altar, nzn_hepliaklqana_mist_gate,
          gup_sewer_entry_spiral, minmay_misc_feat_hallway, cheibrodos_gnoll_hut
Temple:   grunt_temple_mini_profane

Skill      XL: |  1  2  3  4 |
---------------+-------------+-----
Axes           | 4 5 |  5.4
Fighting       | 4 5 |  5.4
Armour         | 3 4 |  4.7
Dodging        | |  2.1

Action                     |  1- 3 |  4- 6 || total
---------------------------+-------+-------++-------
  Melee: Hand axe          |    54 |    33 ||    87
         Headbutt          |    13 |    11 ||    24
         War axe           |       |    49 ||    49
 Invoke: Berserk           |       |     1 ||     1
         Trog's Hand       |       |     1 ||     1
   Stab: Sleeping          |       |     1 ||     1
 Armour: Leather armour    |    40 |    29 ||    69
  Dodge: Dodged            |    29 |    55 ||    84
